Map: Frozen Temple

Players

HaPe

  • Race: Protoss Protoss
  • League: Master

Miszu - Winner!

  • Race: Terran Terran
  • League: Grandmaster

VOD

Have the link to the VOD?

Description

Time

  • Played on: May 20, 2016, 10:33 a.m.
  • Length: 11:52
Show
View Real Time Build Order
Export as new Build Order

HaPe Protoss 

Build Orders: 1 Gate Expand 

Get SALT Encoding   

  12  0:01  Probe (Chrono Boost)  
  13  0:12  Probe (Chrono Boost)  
  14  0:19  Pylon  
  14  0:22  Probe (Chrono Boost)  
  15  0:37  Probe (Chrono Boost)  
  15  0:40  Gateway  
  16  0:48  Probe (Chrono Boost)  
  16  0:49  Assimilator  
  17  1:01  Probe (Chrono Boost)  
  19  1:11  Probe (Chrono Boost)  
  19  1:22  Probe (Chrono Boost)  
  20  1:29  Cybernetics Core  
  20  1:32  Probe (Chrono Boost)  
  21  1:43  Nexus  
  21  1:59  Probe (Chrono Boost)  
  22  2:02  Pylon  
  22  2:08  Warp Gate  
  22  2:11  Probe (Chrono Boost)  
  22  2:13  Assimilator  
  23  2:20  Adept (Chrono Boost)  
  25  2:24  Probe (Chrono Boost)  
  26  2:37  Probe (Chrono Boost)  
  27  2:51  Twilight Council  
  27  2:54  Mothership Core (Chrono Boost)  
  27  2:56  Probe (Chrono Boost)  
  30  3:07  Probe (Chrono Boost)  
  30  3:12  Probe (Chrono Boost)  
  32  3:17  Forge, Probe (Chrono Boost)  
  33  3:23  Pylon, Probe (Chrono Boost)  
  33  3:26  Resonating Glaives  
  34  3:28  Probe (Chrono Boost)  
  35  3:35  Probe (Chrono Boost)  
  35  3:38  Probe (Chrono Boost)  
  37  3:44  Robotics Facility  
  37  3:45  Probe (Chrono Boost)  
  38  3:49  Probe (Chrono Boost)  
  38  3:52  Protoss Ground Weapons Level 1 (Chrono Boost)  
  39  3:57  Probe  
  39  3:59  Gateway  
  39  4:00  Gateway  
  40  4:03  Probe  
  40  4:07  Gateway  
  41  4:11  Pylon  
  41  4:20  Probe x2  
  43  4:31  Gateway  
  43  4:32  Gateway, Probe  
  43  4:35  Gateway  
  43  4:38  Gateway  
  44  4:45  Probe  
  45  4:49  Warp Prism (Chrono Boost)  
  46  4:53  Pylon  
  48  5:04  Adept x3  
  48  5:05  Adept  
  55  5:26  Pylon  
  55  5:30  Observer  
  56  5:38  Pylon  
  56  5:39  Assimilator  
  54  5:58  Adept x5  
  54  5:59  Adept x2  
  54  6:04  Warp Prism  
  57  6:23  Probe  
  52  6:30  Adept x6  
  52  6:31  Adept x2  
  68  6:37  Nexus  
  68  6:38  Probe  
  63  6:47  Pylon  
  63  6:51  Probe  
  64  6:55  Photon Cannon  
  64  6:59  Protoss Ground Weapons Level 2 (Chrono Boost)  
  64  7:02  Adept  
  64  7:03  Adept x3  
  64  7:04  Observer  
  73  7:23  Adept x3  
  73  7:24  Adept x2  
  77  7:38  Assimilator  
  77  7:40  Pylon  
  65  7:48  Immortal  
  65  7:50  Probe  
  56  7:57  Stalker x4  
  56  7:58  Pylon  
  62  8:13  Pylon, Stalker x2  
  64  8:28  Adept x3  
  69  8:40  Adept x4  
  69  8:41  Adept  
  77  9:05  Adept x5  
  75  9:19  Probe  
  76  9:29  Adept x5  
  76  9:30  Adept x2  
  88  9:41  Immortal  
  88  9:45  Probe  
  89  9:48  Probe  
  86  9:57  Probe  
  76  10:10  Probe  
  76  10:12  Pylon  
  77  10:15  Adept x4  
  81  10:39  Stalker  
  81  10:40  Stalker x3  
  85  11:03  Nexus  
  85  11:09  Stalker x2  
  77  11:41  Stalker x4  
  77  11:42  Stalker  
Show
View Real Time Build Order
Export as new Build Order

Miszu Terran - Winner!

Build Orders: MMM Bio 

Get SALT Encoding   

  12  0:01  SCV  
  13  0:13  SCV  
  14  0:17  Supply Depot  
  14  0:25  SCV  
  15  0:39  SCV  
  15  0:40  Barracks  
  16  0:51  SCV  
  17  1:03  SCV  
  18  1:23  Command Center  
  18  1:29  Marine, Orbital Command  
  19  1:46  Marine  
  20  1:54  Barracks  
  20  1:58  Barracks  
  20  2:01  SCV  
  20  2:04  Marine  
  22  2:13  SCV  
  22  2:14  Refinery  
  22  2:15  Refinery  
  23  2:36  Supply Depot  
  23  2:41  Marine, SCV, Orbital Command  
  25  2:45  Barracks Tech Lab  
  25  2:46  Marine  
  26  2:54  SCV  
  26  2:57  Orbital Command  
  27  2:58  Marine  
  27  3:04  Marine x2, Stimpack  
  30  3:14  Supply Depot  
  30  3:16  Marine  
  31  3:20  SCV  
  31  3:22  Marine x2  
  31  3:23  SCV  
  35  3:32  SCV  
  36  3:34  Factory  
  36  3:35  SCV  
  36  3:39  Marine  
  36  3:40  Marine  
  39  3:42  Marine  
  39  3:44  SCV  
  39  3:47  SCV  
  42  3:50  Engineering Bay  
  42  3:56  SCV  
  42  3:58  Marine x2  
  42  3:59  SCV  
  46  4:06  Marauder  
  46  4:08  SCV  
  49  4:12  SCV  
  49  4:13  Supply Depot  
  50  4:20  SCV  
  50  4:21  Starport, Factory Reactor  
  51  4:26  Terran Infantry Weapons Level 1  
  51  4:27  SCV  
  51  4:30  Refinery  
  52  4:32  SCV  
  52  4:34  Marine x2  
  52  4:37  Marine  
  56  4:39  SCV  
  56  4:42  Supply Depot  
  56  4:45  SCV  
  58  4:52  SCV  
  61  4:57  SCV  
  62  5:00  Barracks Reactor  
  62  5:03  Factory Reactor  
  62  5:04  SCV  
  62  5:05  Barracks Tech Lab, Medivac  
  62  5:06  Medivac  
  65  5:07  Supply Depot  
  65  5:14  Marauder  
  67  5:18  SCV  
  68  5:25  Marauder  
  68  5:27  Barracks x2  
  70  5:32  Missile Turret  
  70  5:34  Bunker  
  70  5:42  Marine x3  
  73  5:46  Supply Depot  
  73  5:47  Supply Depot, SCV x2  
  75  5:55  Marauder  
  68  6:11  Liberator x2  
  60  6:21  Marauder x2  
  60  6:25  Marine x3  
  68  6:34  Concussive Shells  
  66  6:41  Combat Shields  
  66  6:42  Marauder x2  
  66  6:44  Marine  
  71  6:50  Marine x2  
  71  6:54  Marine, Liberator, Widow Mine  
  74  6:55  Widow Mine  
  78  7:02  Marine  
  78  7:03  Marine, Terran Infantry Armor Level 1  
  78  7:04  Marauder  
  85  7:26  Marine x2, Marauder  
  85  7:27  Marauder  
  87  7:42  Marine  
  77  7:47  Liberator  
  77  7:48  Marauder x2  
  77  7:49  Marine  
  78  7:52  SCV x2  
  78  7:53  Marine x2  
  81  7:59  Marine  
  81  8:04  SCV  
  89  8:06  Marine, Command Center  
  89  8:09  Marauder x2  
  89  8:11  Marine x2, Fusion Core  
  89  8:12  Starport  
  93  8:13  Refinery  
  93  8:15  SCV  
  94  8:21  Supply Depot, Marine, SCV  
  94  8:22  Supply Depot  
  94  8:24  Marine  
  97  8:27  SCV  
  97  8:29  Marine  
  97  8:32  Marine, Marauder  
  102  8:42  Marine x3, Medivac, Widow Mine, SCV  
  102  8:46  Marine  
  111  8:52  Marine  
  111  8:53  Marauder  
  114  9:00  Marine x2, Marauder  
  112  9:04  Marine  
  98  9:10  Marine  
  98  9:15  Marauder  
  91  9:18  Marine x2  
  91  9:20  Orbital Command  
  91  9:22  Marine, Marauder  
  93  9:25  Starport Tech Lab  
  93  9:28  Marine  
  94  9:35  Marine x3  
  91  9:40  Marine  
  91  9:43  Marine  
  87  9:46  Marine  
  87  9:48  Liberator  
  87  9:58  Marine x3, Marauder  
  92  10:01  Marauder  
  92  10:03  Liberator x2  
  92  10:04  Marine, Advanced Ballistics, Armory  
  92  10:05  Engineering Bay  
  98  10:09  SCV  
  98  10:10  SCV  
  98  10:11  SCV  
  101  10:16  Marine x2  
  101  10:19  Marauder  
  109  10:21  SCV  
  109  10:22  SCV  
  109  10:31  Liberator  
  105  10:43  SCV x2  
  105  10:44  SCV  
  105  10:46  Liberator x2  
  105  10:49  Supply Depot x2, Marine x4, Marauder x2  
  114  10:55  SCV x2  
  121  11:07  Marine  
  122  11:13  Marine  
  122  11:14  Marine x3, Marauder  
  122  11:18  Barracks x2  
  128  11:19  Refinery  
  128  11:21  Refinery  
  128  11:24  Marine  
  129  11:31  Marine  
Tags
 
Add a new tag
Caveats
  • Supply blocks, unpowered buildings, or Contaminate may cause inaccurate times.
  • Supply counts are checked every 10 seconds.